Cogmind - Beta 10.2 @@@ ROGUE MODE // 2021.06.25 @ 14:28:56 Player: Demise Result: Destroyed by G-47 Trooper with Particle Gun Performance ------------- Evolutions (1) 500 Regions Visited (6) 1200 Robots Destroyed (77) 385 Value Destroyed (1363) 1363 Prototype IDs (37) 740 Alien Tech Used (0) 0 Bonus (518) 518 TOTAL SCORE: 4706 Bonus ------- Follower Combat Kills 266 Aligned with FarCom 300 Friendly Fire -48 Cogmind --------- Core Integrity 0/400 Matter 288/300 Energy 100/100 System Corruption 0% Temperature Cool (9) Movement Walking (150) Ox1 Location -8/Mines Parts ------- > --- POWER (1) -------- (None) > --- PROPULSION (2) --- Advanced Myomer Leg > --- UTILITY (4) ------ Large Storage Unit Large Storage Unit > --- WEAPON (2) ------- Heavy Assault Rifle > --- INVENTORY (16) --- Makeshift Power Source Makeshift Power Source Combat Antigrav System Small Storage Unit Large Storage Unit High-capacity Matter Pod (200) Gravity Neutralizing Apparatus Advanced Terrain Scanner Experimental Targeting Computer Advanced Launcher Guidance Computer Improved Armor Integrity Analyzer EX Chip 2 EX Chip 2 Light EM Pulse Cannon Heavy Assault Rifle Datajack Peak State ------------ > --- POWER ------------ Cold Fusion Reactor > --- PROPULSION ------- Advanced Myomer Leg > --- UTILITY ---------- Large Storage Unit Large Storage Unit Humpback > --- WEAPON ----------- Heavy Assault Rifle Axe > --- INVENTORY -------- Light Nuclear Core Makeshift Power Source Makeshift Power Source Combat Antigrav System Experimental Heat Sink Small Storage Unit Large Storage Unit Superbattery Gravity Neutralizing Apparatus Gravity Neutralizing Apparatus Advanced Terrain Scanner Experimental Targeting Computer Advanced Launcher Guidance Computer Improved Target Analyzer Improved Armor Integrity Analyzer Advanced Transmission Jammer Hacking Suite Hacking Suite Hacking Suite EX Chip 2 EX Chip 2 Tractor Beam Trap Reconfigurator Advanced Recalibrator Light EM Pulse Cannon Heavy Assault Rifle Heavy Assault Rifle Heavy Assault Rifle 8R-AWN's Boregun Missile Launcher Missile Launcher Datajack [Rating: 37] Favorites ----------- Power Cooled Ion Engine Engine Cooled Ion Engine Power Core Light Nuclear Core Reactor Cold Fusion Reactor Propulsion Light Treads Treads Light Treads Leg Advanced Myomer Leg Utility Large Storage Unit Device Hardlight Generator Storage Large Storage Unit Processor Signal Interpreter Protection Medium Armor Plating Weapon Autogun Energy Cannon Light EM Pulse Cannon Ballistic Gun Autogun Launcher Missile Launcher Special Weapon Mining Laser Slashing Weapon Axe Special Melee Weapon Datajack Build | -11 -10 -10 -9 -9 -9 -8 ------- Run | Scr Mat Min Mat Min Exi Min Slots Evolved 2 | . . . 2 . . . Power . | . . . . . . . Propulsion . | . . . . . . . Utility 2 | . . . 2 . . . Weapon . | . . . . . . . Parts Attached 94 | 7 19 3 23 4 30 8 Power 9 | 1 2 . 5 . 1 . Engine 7 | 1 1 . 5 . . . Core 1 | . 1 . . . . . Reactor 1 | . . . . . 1 . Propulsion 18 | 2 1 1 4 3 5 2 Treads 16 | 2 1 1 4 3 4 1 Leg 2 | . . . . . 1 1 Wheel . | . . . . . . . Hover . | . . . . . . . Flight . | . . . . . . . Utility 33 | 2 7 . 10 . 11 3 Device 4 | . 2 . 1 . 1 . Storage 20 | 2 4 . 6 . 7 1 Processor 2 | . 1 . 1 . . . Hackware . | . . . . . . . Protection 7 | . . . 2 . 3 2 Artifact . | . . . . . . . Weapon 34 | 2 9 2 4 1 13 3 Energy Gun . | . . . . . . . Energy Cannon 2 | . . . . . 2 . Ballistic Gun 20 | 2 7 1 3 1 4 2 Ballistic Cannon . | . . . . . . . Launcher 4 | . . 1 1 . 2 . Special Weapon 2 | . 2 . . . . . Impact Weapon . | . . . . . . . Slashing Weapon 5 | . . . . . 4 1 Piercing Weapon . | . . . . . . . Special Melee Weapon 1 | . . . . . 1 . Unidentified Prototypes 1 | . . . 1 . . . Parts Lost 16 | . . . 1 . 5 10 Power 2 | . . . 1 . . 1 Propulsion 6 | . . . . . 3 3 Utility 5 | . . . . . 2 3 Weapon 3 | . . . . . . 3 Highest Loss Streak 6 | . . . 1 . 2 6 Average Slot Usage (%) 93 | . 99 100 99 100 83 76 Engine 10 | . 11 14 10 11 10 . Treads 22 | . 28 28 22 22 20 6 Device 1 | . 2 . . . 3 . Storage 28 | . 25 28 32 44 21 28 Protection 3 | . . . 11 . 4 2 Energy Cannon 1 | . . . . . 3 . Ballistic Gun 19 | . 27 28 21 22 10 13 Slashing Weapon 2 | . . . . . 7 8 Naked Turns . | . . . . . . . Heaviest Build 130 | 12 43 44 80 78 130 130 Greatest Support 40 | 40 40 40 40 40 40 40 Greatest Overweight (x) 5 | 3 1 1 1 1 5 5 Average Overweight (x) 1 | 1 . 1 1 1 2 3 Largest Inventory Capacity 36 | 6 16 16 28 28 36 36 Average Capacity 22 | 4 14 16 21 28 27 32 Most Carried 36 | 5 16 16 28 28 36 36 Average Carried 21 | 3 13 16 20 27 25 29 Final Capacity 36 | 6 16 16 28 28 36 16 Final Carried 36 | 5 16 16 28 28 36 16 Class Distribution -------------------- 58% | Hauler-Mutant 41% | Mutant Dominant Class ---------------- Mutant | -10/Materials Mutant | -10/Mines Hauler-Mutant | -9/Materials Hauler-Mutant | -9/Mines Hauler-Mutant | -9/Exiles Hauler-Mutant | -8/Mines Resources | -11 -10 -10 -9 -9 -9 -8 ----------- Run | Scr Mat Min Mat Min Exi Min Matter Collected 3121 | 424 814 74 672 89 913 135 Remotely . | . . . . . . . Salvage Created 2911 | 200 897 99 939 9 545 222 Parts 209 | 14 50 16 58 . 62 9 Haulers Intercepted 7 | . 2 . 5 . . . Recyclers Shooed 6 | . 2 . 1 . . 3 Parts Field Recycled . | . . . . . . . Retrieved Matter . | . . . . . . . Parts Self-Destructed . | . . . . . . . Prevented . | . . . . . . . Kills | -11 -10 -10 -9 -9 -9 -8 ------- Run | Scr Mat Min Mat Min Exi Min Combat Hostiles Destroyed 34 | . 12 . 14 1 5 2 Melee 1 | . . . . . . 1 Guns 28 | . 12 . 12 1 2 1 AOE 5 | . . . 2 . 3 . Classes Destroyed 14 | 3 4 1 2 1 2 1 Worker 8 | 2 3 2 1 . . . Builder 2 | . . 2 . . . . Tunneler 6 | 4 . 1 . . . 1 Hauler 7 | . 2 . 5 . . . Recycler 5 | 1 2 . 1 . . 1 Operator 4 | . 3 . 1 . . . Turret 1 | . . . . . 1 . Watcher 6 | . 3 . 3 . . . Swarmer 3 | . . . 3 . . . Grunt 20 | . 12 . 8 . . . Duelist 1 | . . . . . . 1 Sentry 3 | . . . 3 . . . Zionite 7 | . . . . . 7 . Assembled 5 | . . . . 1 4 . Best Kill Streak 6 | 5 6 2 4 1 3 1 Combat Bots Only 3 | . 3 . 3 1 3 1 Max Kills in Single Turn 2 | 1 1 1 1 1 2 1 Gunslinging . | . . . . . . . Exploded 2 | . . . 1 . 2 . Melee 1 | . . . . . . 1 Uniques/NPCs Destroyed 5 | . . . . . 4 1 8R-AWN (-9/Exiles) EX-DEC (-9/Exiles) EX-BIN (-9/Exiles) EX-HEX (-9/Exiles) 99-TNT (-8/Mines) Combat | -11 -10 -10 -9 -9 -9 -8 -------- Run | Scr Mat Min Mat Min Exi Min Damage Taken 3215 | . 219 . 296 27 994 1679 Core 402 | . . . 24 15 131 232 Absorbed by Shields 204 | . . . . . 204 . Core Remaining (%) 100 | 100 . 100 . . . . Volleys Fired 273 | 26 57 6 58 7 106 13 Largest 2 | 2 2 2 2 2 2 2 Hottest 100 | 40 100 46 46 46 79 46 Shots Fired 484 | 52 112 11 114 14 159 22 Gun 410 | 52 110 11 112 14 89 22 Cannon 58 | . . . . . 58 . Launcher 14 | . . . 2 . 12 . Special 2 | . 2 . . . . . Kinetic 410 | 52 110 11 112 14 89 22 Thermal 2 | . 2 . . . . . Explosive 14 | . . . 2 . 12 . Electromagnetic 58 | . . . . . 58 . Robot Hit Streak 20 | 12 14 10 8 11 20 11 Robot Miss Streak 4 | 2 3 1 4 2 4 3 Penetration Max . | . . . . . . . Secondary Targets 3 | . 2 . 1 . . . Max Gunslinging Chain 1 | . 1 . 1 . . . Shots Hit Robots 360 | 37 73 7 70 9 131 33 Core Hits 141 | 10 34 5 30 2 50 10 Critical Hits 6 | . 1 . . . 4 1 Critical Kills 1 | . 1 . . . . . Critical Parts Destroyed 1 | . . . . . 1 . Melee Attacks 38 | . . . . . 20 18 Impact . | . . . . . . . Slashing 34 | . . . . . 16 18 Piercing . | . . . . . . . Sneak Attacks 6 | . . . . . 4 2 Combat Hostiles . | . . . . . . . Follow-up Attacks 3 | . . . . . 3 . Damage Inflicted 6361 | 349 1153 117 1391 130 2366 855 Guns 4083 | 349 1153 117 1073 130 1068 193 Cannons 410 | . . . . . 410 . Explosions 857 | . . . 318 . 539 . Melee 1011 | . . . . . 349 662 Ramming . | . . . . . . . Kinetic 4083 | 349 1153 117 1073 130 1068 193 Thermal 55 | . . . . . 55 . Explosive 799 | . . . 318 . 481 . Electromagnetic 413 | . . . . . 413 . Impact . | . . . . . . . Slashing 1011 | . . . . . 349 662 Piercing . | . . . . . . . Highest Corruption 1 | . 1 1 . . . . Average Corruption 1 | . 1 1 . . . . Corruption Purged . | . . . . . . . Effects 8 | . 2 6 . . . . Message Errors 6 | . 2 4 . . . . Data Loss (minor) 1 | . . 1 . . . . Weapon Failures 1 | . . 1 . . . . Overload Shots . | . . . . . . . Overflow Damage 141 | . . . 38 . 2 101 Projectiles . | . . . . . . . Explosions 40 | . . . 38 . 2 . Melee 101 | . . . . . . 101 Knockbacks . | . . . . . . . Impact . | . . . . . . . Kinetic . | . . . . . . . Secondary . | . . . . . . . Self-Inflicted Damage . | . . . . . . . Shots . | . . . . . . . Rammed . | . . . . . . . Targets Rammed . | . . . . . . . Kicked . | . . . . . . . Crushed . | . . . . . . . Highest Temperature 108 | . 37 6 75 . 108 . Average Temperature 21 | . 9 4 17 . 33 . Received Heat Transfer 328 | . 123 . 126 . 7 72 Siege Activations . | . . . . . . . Robots Corrupted 1 | . . . . . 1 . Combat Hostiles . | . . . . . . . Parts Fried 8 | . . . . . 8 . Impact Corruptions . | . . . . . . . Robots Melted . | . . . . . . . Combat Hostiles . | . . . . . . . Parts Melted . | . . . . . . . Heat Transferred 50 | . . . . . 50 . Parts Sabotaged . | . . . . . . . Parts Stolen . | . . . . . . . Parts Stripped . | . . . . . . . Power Chain Reactions 2 | . . . . . 2 . Missiles Intercepted . | . . . . . . . Alert | -11 -10 -10 -9 -9 -9 -8 ------- Run | Scr Mat Min Mat Min Exi Min Peak Influence 323 | 35 183 137 323 72 . 33 Initial 72 | . 22 51 . 72 . . Average 99 | 17 86 35 214 22 . 4 Maximum Alert Level 1 | . . . 1 . . . Low Security (%) 79 | 100 100 100 31 100 . 100 Level 1 20 | . . . 68 . . . Level 2 . | . . . . . . . Level 3 . | . . . . . . . Level 4 . | . . . . . . . Level 5 . | . . . . . . . High Security . | . . . . . . . Max Security . | . . . . . . . Squads Dispatched 8 | . 5 . 3 . . . Investigation 4 | . 2 . 2 . . . Extermination . | . . . . . . . Reinforcement 4 | . 3 . 1 . . . Assault . | . . . . . . . Garrison . | . . . . . . . Intercept . | . . . . . . . Construction Impeded . | . . . . . . . Haulers Reinforced . | . . . . . . . Stealth | -11 -10 -10 -9 -9 -9 -8 --------- Run | Scr Mat Min Mat Min Exi Min Distress Signals 2 | . 1 . 1 . . . Communications Jammed . | . . . . . . . Distress Signals . | . . . . . . . Times Spotted 93 | . 22 2 30 3 29 7 Peak Tracking Total 9 | . 3 2 4 1 9 4 Tactical Retreats 5 | . . . 1 . 4 . Traps | -11 -10 -10 -9 -9 -9 -8 ------- Run | Scr Mat Min Mat Min Exi Min Traps Triggered 2 | . 1 . 1 . . . Indirectly . | . . . . . . . Trap Hack Attempts . | . . . . . . . Triggered . | . . . . . . . Disarmed . | . . . . . . . Reprogrammed . | . . . . . . . Reused . | . . . . . . . Traps Extracted . | . . . . . . . Installed . | . . . . . . . Triggered . | . . . . . . . Exploded 3 | . . . . . 3 . Machines | -11 -10 -10 -9 -9 -9 -8 ---------- Run | Scr Mat Min Mat Min Exi Min Machines Disabled 20 | . 2 4 2 . 12 . Max in Single Turn 2 | . 1 . 1 . 2 . Machines Sabotaged . | . . . . . . . Garrisons Compromised . | . . . . . . . Overloaded Fab Kills . | . . . . . . . Fab Network Shutdowns . | . . . . . . . Hacking | -11 -10 -10 -9 -9 -9 -8 --------- Run | Scr Mat Min Mat Min Exi Min Machines Accessed 20 | . 9 . 9 . 2 . Terminals 13 | . 6 . 7 . . . Fabricators . | . . . . . . . Repair Stations 2 | . 1 . 1 . . . Recycling Units 2 | . 2 . . . . . Scanalyzers 1 | . . . 1 . . . Garrison Access . | . . . . . . . Total Hacks 69 | . 33 . 34 . 2 . Successful 40 | . 20 . 18 . 2 . Failed 27 | . 12 . 15 . . . Catastrophic 1 | . 1 . . . . . Database Lockouts 2 | . 1 . 1 . . . Manual 48 | . 25 . 22 . 1 . Terminals 50 | . 23 . 27 . . . Fabricators . | . . . . . . . Repair Stations 6 | . 4 . 2 . . . Recycling Units 6 | . 6 . . . . . Scanalyzers 5 | . . . 5 . . . Garrison Access . | . . . . . . . Terminal Hacks 13 | . 4 . 7 . 2 . Record 1 | . . . . . 1 . Part Schematic 1 | . . . 1 . . . Robot Analysis 3 | . 1 . 2 . . . Terminal Index 2 | . 1 . 1 . . . Locate Traps 3 | . 1 . 2 . . . Hauler Manifests 1 | . . . 1 . . . Zone Layout 1 | . 1 . . . . . EX-Prototype ID Bank 1 | . . . . . 1 . Fabricator Hacks . | . . . . . . . Repair Station Hacks 6 | . 4 . 2 . . . Scan Component 3 | . 2 . 1 . . . Repair 3 | . 2 . 1 . . . Recycling Unit Hacks 1 | . 1 . . . . . Retrieve Components 1 | . 1 . . . . . Scanalyzer 1 | . . . 1 . . . Insert Component 1 | . . . 1 . . . Garrison Access Hacks . | . . . . . . . Unauthorized Hacks 19 | . 11 . 8 . . . Terminals 16 | . 8 . 8 . . . Track 2 | . 1 . 1 . . . Assimilate 1 | . 1 . . . . . Botnet 10 | . 5 . 5 . . . Operators 3 | . 1 . 2 . . . Fabricators . | . . . . . . . Repair Stations . | . . . . . . . Recycling Units 3 | . 3 . . . . . Reject 1 | . 1 . . . . . Recyclers 1 | . 1 . . . . . Mask 1 | . 1 . . . . . Scanalyzers . | . . . . . . . Garrison Access . | . . . . . . . Data Cores Recovered . | . . . . . . . Used . | . . . . . . . Hacking Detections 15 | . 7 . 8 . . . Full Trace Events 8 | . 4 . 4 . . . Feedback Events 1 | . 1 . . . . . Corruption 1 | . 1 . . . . . Feedback Blocked . | . . . . . . . Robot Schematics Acquired . | . . . . . . . Robots Built . | . . . . . . . Matter . | . . . . . . . Time . | . . . . . . . Total Robot Build Rating . | . . . . . . . Part Schematics Acquired 1 | . . . 1 . . . Parts Built . | . . . . . . . Matter . | . . . . . . . Time . | . . . . . . . Total Part Build Rating . | . . . . . . . Parts Repaired 3 | . 2 . 1 . . . Time 96 | . 64 . 32 . . . Parts Recycled . | . . . . . . . Recycled Matter . | . . . . . . . Retrieved Matter . | . . . . . . . Retrieved Components . | . . . . . . . Parts Scanalyzed 1 | . . . 1 . . . Part Schematics Acquired . | . . . . . . . Parts Damaged . | . . . . . . . Bothacking | -11 -10 -10 -9 -9 -9 -8 ------------ Run | Scr Mat Min Mat Min Exi Min Used RIF Installer . | . . . . . . . Robots Hacked 4 | . . . . . 4 . Non-combat 3 | . . . . . 3 . Combat 1 | . . . . . 1 . Robot Hacks Applied 4 | . . . . . 4 . parse_system 4 | . . . . . 4 . Relay Couplers Released . | . . . . . . . Robots Rewired . | . . . . . . . Allies Hacked . | . . . . . . . Hacks Repelled . | . . . . . . . Allies | -11 -10 -10 -9 -9 -9 -8 -------- Run | Scr Mat Min Mat Min Exi Min Total Allies 5 | . . 5 . . . . Largest Group 5 | . . 5 5 . . . Highest-Rated Group 82 | . . 82 82 . . . Highest-Rated Ally 31 | . . 31 31 . . . Total Orders . | . . . . . . . Ally Attacks 48 | . . 2 39 . . 7 Total Damage 1198 | . . 364 532 . . 302 Kills 13 | . . 2 10 . . 1 Allies Corrupted . | . . . . . . . Allies Melted . | . . . . . . . Turrets Deployed 1 | . . . . . . 1 Intel | -11 -10 -10 -9 -9 -9 -8 ------- Run | Scr Mat Min Mat Min Exi Min Robot Analysis Total 3 | . 1 . 2 . . . Derelict Logs Recovered 5 | . . 3 . 2 . . Drone Launches . | . . . . . . . Drone Recoveries . | . . . . . . . Exploration | -11 -10 -10 -9 -9 -9 -8 ------------- Run | Scr Mat Min Mat Min Exi Min Turns Passed 10036 | 166 1960 1059 2042 1279 3218 312 Spaces Moved 4629 | 58 886 575 980 689 1358 83 Core 44 | 44 . . . . . . Treads 4483 | 14 886 575 980 689 1319 20 Legs 102 | . . . . . 39 63 Wheels . | . . . . . . . Hover . | . . . . . . . Flight . | . . . . . . . Fastest Speed 50 | 50 160 180 180 180 180 200 Average Speed 186 | 133 174 180 180 180 203 231 Slowest Speed 260 | 200 180 180 180 180 260 260 Overloaded Moves . | . . . . . . . Propulsion Burnouts . | . . . . . . . Robots Hopped . | . . . . . . . Cave-ins Triggered . | . . . . . . . Exploration Rate (%) 66 | 5 99 95 65 98 92 14 Regions Visited 6 Branch Regions 4 Pre-discovered Areas 1 | . . . . . 1 . Known Exits Taken 3 | . 1 . 1 . 1 . Unknown Exits Taken 3 | 1 . 1 . 1 . . Scrap Searched 4 | . . 2 . 2 . . Spaces Dug 10 | . 2 . . . 8 . Terrain Destroyed 54 | . 2 . 32 . 20 . Melee . | . . . . . . . Projectile 2 | . 2 . . . . . AOE 52 | . . . 32 . 20 . Terrain Rammed . | . . . . . . . Walls Destroyed . | . . . . . . . Machines Disabled . | . . . . . . . Actions | -11 -10 -10 -9 -9 -9 -8 --------- Run | Scr Mat Min Mat Min Exi Min Total 5579 | 101 1213 589 1162 720 1640 154 Wait 324 | . 204 4 59 12 34 11 Move 4623 | 57 885 574 979 688 1357 83 Hop . | . . . . . . . Pick Up 119 | 9 24 1 23 3 48 11 Fast Attach 23 | 3 7 . 8 . 4 1 Attach 24 | 4 2 . 3 . 9 6 Detach 16 | 1 6 . 1 . 8 . Swap 48 | . 10 3 13 4 17 1 Drop 94 | 1 18 1 18 6 40 10 Fire 273 | 26 57 6 58 7 106 13 Melee 35 | . . . . . 17 18 Ram . | . . . . . . . Kick . | . . . . . . . Crush . | . . . . . . . Escape Stasis . | . . . . . . . Rewire . | . . . . . . . Trap . | . . . . . . . Miscellaneous . | . . . . . . . Route ------- -11/Scrapyard -10/Materials (discovered 5 exits: *Mat x3 / *Min x2) -10/Mines (discovered 2 exits: *Mat x2) -9/Materials (discovered 2 exits: *Mat / *Min) -9/Mines (discovered 3 exits: *Mat x2 / *Exi) -9/Exiles (discovered 2 exits: *Min x2) -8/Mines (discovered 1 exit: *Mat) History --------- Turn | Location | Event 24 | -11/Scrapyard | Discovered new exit (range 15) 167 | -11/Scrapyard | Entered Materials 303 | -10/Materials | Build established: Mutant 439 | -10/Materials | Discovered new exit (range 10) 476 | -10/Materials | Identified exit to Mines 765 | -10/Materials | Discovered new exit (range 14) 899 | -10/Materials | Central database locked down 926 | -10/Materials | Discovered exit to Mines (range 7) 1346 | -10/Materials | Discovered new exit (range 14) 1798 | -10/Materials | Repaired Autogun? 1854 | -10/Materials | Repaired Autogun 2042 | -10/Materials | Discovered new exit (range 16) 2127 | -10/Materials | Entered Mines 2147 | -10/Mines | Received a Rocket Launcher from a helpful Derelict 2227 | -10/Mines | Learned Materials security intel 2254 | -10/Mines | Discovered new exit (range 4) 2538 | -10/Mines | Discovered new exit (range 6) 2628 | -10/Mines | Assisted by bots powering up and referring to "LRC-V3" 3186 | -10/Mines | Entered Materials 3186 | -9/Materials | Accompanied by 5 allies 3186 | -9/Materials | Evolved 2 slots: Utility x2 3187 | -9/Materials | Identified exit to Mines 3191 | -9/Materials | Led the pair of lost Derelicts to an unsafe place 3827 | -9/Materials | Central database locked down 4341 | -9/Materials | Discovered new exit (range 15) 4494 | -9/Materials | Build established: Hauler-Mutant 4605 | -9/Materials | Repaired Rnf. Ion Engine 4764 | -9/Materials | Identified exit to Materials 5228 | -9/Materials | Entered Mines 5261 | -9/Mines | Joined a pair of Derelicts in attacking an 0b10 outpost 5446 | -9/Mines | Assembled infested the area 5806 | -9/Mines | Learned Materials emergency access door positions 5840 | -9/Mines | Deemed a non-threat by the Exiles lab entrance 5840 | -9/Mines | Discovered new exit (range 5) 6044 | -9/Mines | Discovered exit to Materials (range 11) 6236 | -9/Mines | Discovered exit to Materials (range 12) 6507 | -9/Mines | Entered Exiles 6508 | -9/Exiles | Identified exit to Mines 6552 | -9/Exiles | Met 8R-AWN 6587 | -9/Exiles | Met EX-HEX 6703 | -9/Exiles | Met EX-DEC 6754 | -9/Exiles | Learned location of Zion (-6) 6786 | -9/Exiles | Met EX-BIN 7232 | -9/Exiles | Aligned with FarCom system 7234 | -9/Exiles | Given EX-Vault access code 7280 | -9/Exiles | Opened EX-Vault 7290 | -9/Exiles | Found Trap Reconfigurator 7295 | -9/Exiles | Found Firepult 7304 | -9/Exiles | Found Superbattery 7345 | -9/Exiles | Warned to stay clear of 0b10 Research branches 7907 | -9/Exiles | Attacked by the Exiles 8155 | -9/Exiles | Destroyed 8R-AWN 8169 | -9/Exiles | Found 8R-AWN's Boregun 8176 | -9/Exiles | Found Exp. Targeting Computer 8766 | -9/Exiles | Destroyed EX-DEC 8798 | -9/Exiles | Destroyed EX-BIN 8828 | -9/Exiles | Destroyed EX-HEX 8907 | -9/Exiles | Found Deploy-a-Sentry 9696 | -9/Exiles | Discovered exit to Mines (range 15) 9725 | -9/Exiles | Stole three prototypes: Superbattery, Trap Reconfigurator, Deploy-a-Sentry 9725 | -9/Exiles | Entered Mines 9774 | -8/Mines | 99-TNT came to Exiles' defense 9774 | -8/Mines | Discovered exit to Materials (range 8) 9775 | -8/Mines | Core integrity fell below 50% 9780 | -8/Mines | DAS Turret deployed 9836 | -8/Mines | Destroyed 99-TNT 9837 | -8/Mines | Core integrity fell below 20% 9863 | -8/Mines | Lost 6 parts (3n2u1w) 10037 | -8/Mines | Destroyed by G-47 Trooper with Particle Gun Last Messages --------------- 09950_ U-05 Engineer builds a Wall. 09953_ K-01 Serf collects debris. 09955_ U-05 Engineer lays Concrete. 09959_ U-05 Engineer builds a Wall. 09967_ U-05 Engineer lays Concrete. 09969_ U-05 Engineer builds a Wall. 09977_ Destroyed Sml. Storage Unit. 09984_ T-07 Excavator destroyed. 09986_ Acquired 6 matter. 10015_ K-01 Serf collects debris. 10029_ Cold Fusion Reactor destroyed. 10030_ Axe destroyed. 10031_ Humpback destroyed. 10032_ L-31 Rogue destroyed. 10033_ The unstable cave ceiling collapses. 10033_ K-01 Serf crushed by falling debris. 10033_ K-01 Serf destroyed. 10033_ Wheel crushed. 10034_ R-06 Scavenger collects Gravity Neutralizing Apparatus. 10036_ Hvy. Assault Rifle destroyed. Map ----- +----------------------------------------------------+ | | | | | | | | | | | | | | | | | | | | | | | | | | | ???????????????????????????????### #?###?????????? | | ?????????????????????????????## # #?????????? | | ?????????????????????????##### # ### #?????????? | | ?????????????????###????## # # ## ##????????? | | ?????????????##### ##### ## ## ###??????? | | ?????????????# ## ### # #??????? | | ?????????????# ### # #????????? | | ?????????????# ###% ### #?????? | | ?????????????## #### # #?????? | | ??????????????##### ## # ## #?????? | | ?????????????????#### #####] # # #?????? | | ?????????????????# ## ####![[! g # # ###?????? | | ?????????????????## #%g!!@!!]### # # ##??????? | | ?????????????????# #r####!### #?#???????? | | ?????????????? # ##%####!#### #????????? | | ?????????????# ######!! ! ##????????? | | ?????????????? ## =######## < #?????????? | | ?????????????# # ######### # # #?????????? | | ?????????????#### #####???##### ###?????????? | | ?????????????# # ?? ???????????######???????????? | | ?????????????? ??# ????????????????????????????? | | ?????????????##?? ###????????????????????????????? | | ???????????????? ?????????????????????????????? | | ???????????????#? ##?????????????????????????????? | | ????????????????# ???????????????????????????????? | | ????????????????#????????????????????????????????? | | ?????????????????????????????????????????????????? | | ?????????????????????????????????????????????????? | | ?????????????????????????????????????????????????? | | ?????????????????????????????????????????????????? | | ?????????????????????????????????????????????????? | | ?????????????????????????????????????????????????? | | ?????????????????????????????????????????????????? | | ?????????????????????????????????????????????????? | | ?????????????????????????????????????????????????? | | ?????????????????????????????????????????????????? | | ?????????????????????????????????????????????????? | +----------------------------------------------------+ Best States ------------- Heat Dissipation 28 Energy Generation 17 Energy Capacity 280 Matter Stores 300 Matter Capacity 300 Sight Range 16 Terrain Scan Density 10 Armor Coverage 450 Evasion (%) 40 Recoil Reduction 2 Item Schematics ----------------- Hcp. Storage Unit | -9/Materials | Hacked Robot Schematics ------------------ None Fabricated ------------ Nothing Alien Tech Used ----------------- None Achievements -------------- None Challenges ------------ None Game ------ Seed PrecisionImprovedPenetrator Manual? 0 Play Time 01:02:13 Cumulative 327.9 hours Start 2021.06.25 @ 13:30:49 End 2021.06.25 @ 14:28:56 Sessions 1 Manual Loads 0 Difficulty Rogue Special Mode None Game No. 283 Rogue 283 Adventurer 0 Explorer 0 Win Type - Total 1 Types 0/0/0/1/0/0/0/0/0 Lore% 68 Gallery% 77 Achievement% 59 Wizard Run 0 Options --------- ASCII 0 Keyboard 1 Movement Numpad Keybinds 0 Fullscreen 1 Font 12/Terminus Map View 83x54 Tactical HUD 1 Map Filters NONE Filters NONE Steam 1 RUN: 447eab56-2a51-44ac-a9e9-9e5990c07cca